 Dungeon Crawl Stone Soup version 0.17-a0-2127-g1cb09f6 (webtiles) character file.

13356 Maka the Martial Artist (level 11, -16/89 HPs)
             Began as a Red Draconian Transmuter on Oct 22, 2015.
             Was the Champion of Okawaru.
             Demolished by a komodo dragon (30 damage)
             ... on level 10 of the Dungeon.
             The game lasted 00:30:37 (13137 turns).

Maka the Martial Artist (Red Draconian Transmuter) Turns: 13137, Time: 00:30:38

Health: -16/89     AC:  8    Str: 12    XL:     11   Next: 74%
Magic:  18/18      EV: 20    Int: 13    God:    Okawaru [******]
Gold:   707        SH:  0    Dex: 16    Spells: 4 memorised, 13 levels left

rFire  + . .     SeeInvis .       - Unarmed
rCold  + . .     Clarity  +     (armour unavailable)
rNeg   . . .     SustAt   +     (no shield)
rPois  .         Gourm    .     (helmet restricted)
rElec  .         Spirit   .     B - +0 cloak
rCorr  .         Warding  .     (no gloves)
rMut   .         Stasis   .     (no boots)
MR     .....                    j - amulet of clarity
Stlth  +.........               x - ring of protection from cold
                                v - ring of sustain attributes

@: short of breath, not resistant to hostile enchantments, very unstealthy
A: breathe fire, unfitting armour, fire resistance 1, cold-blooded, AC +7
a: Breathe Fire, Heroism, Finesse, Renounce Religion


You were on level 10 of the Dungeon.
You worshipped Okawaru.
Okawaru was exalted by your worship.
You were not hungry.

You visited 2 branches of the dungeon, and saw 12 of its levels.

You collected 785 gold pieces.
You spent 78 gold pieces at shops.

Inventory:

Hand Weapons
 k - a +1 dagger of distortion
Missiles
 a - 262 arrows
 r - 14 arrows of frost
 K - 8 poisoned javelins (quivered)
 L - a throwing net
Armour
 B - a +0 cloak (worn)
Jewellery
 h - the ring "Femaw" {Fire Str+5}
   (You found it on level 7 of the Dungeon)

   [ring of fire]

   It enhances your fire magic, and weakens your ice magic.
   It affects your strength (+5).
   It protects you from fire.
   It makes you vulnerable to cold.
 j - an amulet of clarity (around neck)
 n - an uncursed ring of stealth
 o - an uncursed amulet of resist mutation
 v - a ring of sustain attributes (left hand)
 x - a ring of protection from cold (right hand)
Wands
 q - a wand of cold (10)
 s - a wand of random effects (4)
 y - a wand of slowing (22)
 D - a wand of frost (22)
 I - a wand of fire (6)
Scrolls
 d - 2 scrolls of magic mapping
 f - 8 scrolls of remove curse
 m - 3 scrolls of teleportation
 p - 4 scrolls of identify
 t - 3 scrolls of enchant weapon
 G - a scroll of blinking
 H - a scroll of recharging
Potions
 i - 2 potions of haste
 l - 2 potions of cure mutation
 w - a potion of cancellation
 A - a potion of magic
 C - a potion of invisibility
 E - 3 potions of brilliance
 F - a potion of flight
 J - 2 potions of curing
Books
 b - a book of Changes

   Spells                             Type                      Level
   a - Beastly Appendage              Transmutation                1
   b - Sticks to Snakes               Transmutation                2
   c - Spider Form                    Transmutation/Poison         3
   d - Ice Form                       Ice/Transmutation            4
   e - Blade Hands                    Transmutation                5
 e - a book of Battle

   Spells                             Type                      Level
   a - Infusion                       Charms                       1
   b - Shroud of Golubria             Charms/Translocation         2
   c - Song of Slaying                Charms                       2
   d - Spectral Weapon                Hexes/Charms                 3
   e - Regeneration                   Charms/Necromancy            3
 g - a book of Beasts

   Spells                             Type                      Level
   a - Summon Butterflies             Summoning                    1
   b - Call Canine Familiar           Summoning                    3
   c - Summon Ice Beast               Ice/Summoning                4
   d - Summon Mana Viper              Hexes/Summoning              5
   e - Summon Hydra                   Summoning                    7
 u - the Collected Works on the Quantum Escort
   (You found it on level 5 of the Dungeon)

   Spells                             Type                      Level
   a - Call Imp                       Summoning                    2
   b - Blink                          Translocation                2
   c - Recall                         Summoning/Translocation      3
   d - Passage of Golubria            Translocation                4
   e - Shadow Creatures               Summoning                    5
Comestibles
 c - 11 bread rations
 z - 3 meat rations


   Skills:
 - Level 6.0 Fighting
 - Level 11.0 Dodging
 - Level 12.0 Unarmed Combat
 - Level 5.2 Spellcasting
 + Level 5.4 Transmutations


You had 13 spell levels left.
You knew the following spells:

 Your Spells              Type           Power        Failure   Level  Hunger
a - Beastly Appendage     Trmt           ###...       1%          1    None
b - Sticks to Snakes      Trmt           ###.......   3%          2    ##.....
c - Spider Form           Trmt/Pois      ##........   17%         3    ###....
d - Infusion              Chrm           #.....       21%         1    None


Dungeon Overview and Level Annotations

Branches:
Dungeon (11/15)            Temple (1/1) D:5            Lair (0/8) D:9
    Orc: D:9-12

Altars:
Ashenzari
Cheibriados
Dithmenos
Elyvilon
Fedhas
Gozag
Kikubaaqudgha
Makhleb
Okawaru
Vehumet
Xom
Yredelemnul
The Shining One

Shops:
D:7 ?   D:8 %

Annotations:
D:3 Maka's ghost, amateur DrTm
D:11 Fannar


Innate Abilities, Weirdness & Mutations

You can breathe blasts of fire.
Your fiery red scales are hard (AC +7).
Your body does not fit into most forms of armour.
Your flesh is heat resistant.
You are cold-blooded and may be slowed by cold attacks.


Message History

The komodo dragon hisses angrily.
The komodo dragon barely misses you.
The komodo dragon completely misses you.
The komodo dragon closely misses you.
You see here an ugly thing corpse.
There is a stone staircase leading up here.
The komodo dragon bites you!!
* * * LOW HITPOINT WARNING * * *
You climb upwards.
There is a stone staircase leading down here.
Use which ability?
Press: ? - help, Shift-Dir - straight line, f - komodo dragon
Aim: a komodo dragon You breathe a blast of fire.
The fiery breath hits the komodo dragon.
The komodo dragon is moderately wounded.
You feel somewhat more hungry.
The komodo dragon is engulfed in roaring flames.
The komodo dragon bites you!!
You die...

[[.......### ##'########
<.....#### #.## #######
#..# ###'#######
#.........# #.........#
##############.........#
##..........<.'.........#
#..############l@.......#
#.## #.........# ..#
#.........# .##
#...[.....# ##
#.........# ###########


You could see a komodo dragon.

Vanquished Creatures
  Snorg (D:11)
  Harold (D:10)
  The ghost of aegget the Blocker, a novice MiFi of Okawaru (D:9)
  An unseen horror (D:10)
  4 hill giants (D:10)
  2 ugly things
  A gargoyle (D:10)
  2 trolls
  Grinder (D:4)
  Prince Ribbit (D:7)
  Sigmund (D:6)
  A deep elf mage (D:9)
  4 hippogriffs
  2 hungry ghosts (D:7)
  3 wargs (D:9)
  Duvessa (D:6)
  A water moccasin (D:4)
  5 sky beasts
  3 black bears
  4 ice beasts
  9 ogres
  5 orc warriors
  2 phantoms
  A necrophage (D:9)
  4 centaurs
  5 giant frogs
  2 big kobolds
  Dowan (D:6)
  A wyvern skeleton (D:6)
  6 wights
  4 killer bees (D:8)
  An electric eel (D:7)
  2 iguanas
  2 giant frog zombies (D:7)
  5 hounds
  8 orc wizards
  7 orc priests
  7 crimson imps
  Crazy Yiuf (D:4)
  3 giant frog skeletons
  2 jellies
  An iron imp (D:8)
  5 worker ants
  A killer bee zombie (D:9)
  A hound zombie (D:5)
  A hound skeleton (D:6)
  2 worker ant zombies
  8 gnolls
  12 adders
  A shadow imp (D:9)
  An ooze (D:3)
  3 adder skeletons
  An adder zombie (D:9)
  A worm (D:5)
  4 giant geckos
  38 orcs
  7 bats
  5 goblins
  10 hobgoblins
  11 jackals
  4 quokkas
  10 giant cockroaches
  A giant gecko zombie (D:5)
  6 giant newts
  A goblin skeleton (D:8)
  4 hobgoblin zombies (D:8)
  15 kobolds
  A kobold skeleton (D:8)
  3 kobold zombies (D:8)
  An orc skeleton (D:8)
  An orc zombie (D:8)
  A quokka skeleton (D:6)
  4 rats
283 creatures vanquished.

Vanquished Creatures (others)
  4 toadstools (D:1)
4 creatures vanquished.

Grand Total: 287 creatures vanquished

Notes
Turn   | Place    | Note
--------------------------------------------------------------
     0 | D:1      | Maka the Draconian Transmuter began the quest for the Orb.
     0 | D:1      | Reached XP level 1. HP: 16/16 MP: 3/3
   261 | D:1      | Reached XP level 2. HP: 17/23 MP: 5/5
   678 | D:1      | Reached skill level 4 in Unarmed Combat
   867 | D:2      | Found an opulent altar of Gozag.
   877 | D:2      | Reached XP level 3. HP: 25/28 MP: 4/6
   898 | D:2      | Found a blossoming altar of Fedhas.
  1332 | D:2      | Reached skill level 5 in Unarmed Combat
  1332 | D:2      | Reached XP level 4. HP: 26/35 MP: 5/7
  1902 | D:3      | Reached XP level 5. HP: 40/40 MP: 8/8
  1954 | D:3      | Found an iron altar of Okawaru.
  1958 | D:3      | Became a worshipper of Warmaster Okawaru
  2326 | D:3      | Reached skill level 6 in Unarmed Combat
  2487 | D:3      | Noticed Maka's ghost (amateur DrTm)
  2541 | D:2      | Learned a level 2 spell: Sticks to Snakes
  2545 | D:2      | Learned a level 3 spell: Spider Form
  2547 | D:2      | Learned a level 1 spell: Infusion
  3307 | D:4      | Noticed a water moccasin
  3318 | D:4      | Killed a water moccasin
  3318 | D:4      | Reached XP level 6. HP: 47/47 MP: 5/9
  3332 | D:4      | Noticed a centaur
  3343 | D:4      | Killed a centaur
  3549 | D:4      | Noticed Grinder
  3600 | D:4      | Killed Grinder
  3600 | D:4      | Reached * piety under Okawaru
  3600 | D:4      | Reached skill level 7 in Unarmed Combat
  3600 | D:4      | Your scales start taking on a fiery red colour.
  3600 | D:4      | Gained mutation: Your flesh is heat resistant. [Red Draconian growth]
  3600 | D:4      | Reached XP level 7. HP: 40/52 MP: 5/10
  3729 | D:4      | Found a snail-covered altar of Cheibriados.
  3858 | D:4      | Noticed Crazy Yiuf
  3864 | D:4      | Killed Crazy Yiuf
  4273 | D:4      | Reached skill level 8 in Unarmed Combat
  4552 | D:5      | Entered Level 5 of the Dungeon
  4561 | D:5      | Found an ancient bone altar of Kikubaaqudgha.
  4716 | D:5      | Identified the Collected Works on the Quantum Escort
  5009 | D:4      | Reached XP level 8. HP: 13/59 MP: 9/11
  5041 | D:4      | Reached ** piety under Okawaru
  5041 | D:4      | Reached skill level 9 in Unarmed Combat
  5326 | D:5      | Found a shimmering altar of Xom.
  5335 | D:5      | Found a staircase to the Ecumenical Temple.
  5347 | Temple   | Entered the Ecumenical Temple
  5735 | D:5      | Reached skill level 10 in Unarmed Combat
  5944 | D:6      | Noticed Sigmund
  5967 | D:6      | Killed Sigmund
  6100 | D:6      | Reached *** piety under Okawaru
  6105 | D:6      | Reached XP level 9. HP: 14/64 MP: 14/14
  6124 | D:6      | HP: 3/64 [poisoned by an orc]
  6130 | D:6      | HP: 2/64 [poisoned by an orc]
  6880 | D:6      | Found a burning altar of Makhleb.
  6939 | D:6      | Noticed Dowan
  6940 | D:6      | Noticed Duvessa
  6952 | D:6      | Killed Dowan
  6960 | D:6      | Killed Duvessa
  6969 | D:6      | Found a radiant altar of Vehumet.
  7577 | D:6      | Reached skill level 5 in Dodging
  7745 | D:7      | Reached **** piety under Okawaru
  7825 | D:7      | Found a white marble altar of Elyvilon.
  7849 | D:7      | Found Neng's Magic Scroll Shoppe.
  7852 | D:7      | Got a serpentine marble ring
  7878 | D:7      | Noticed Prince Ribbit
  7892 | D:7      | Killed Prince Ribbit
  7892 | D:7      | Reached skill level 11 in Unarmed Combat
  8057 | D:7      | Identified the ring "Femaw" {Fire Str+5} (You found it on level 7 of the Dungeon)
  8066 | D:7      | Bought a scroll of identify for 26 gold pieces
  8066 | D:7      | Bought a scroll of teleportation for 39 gold pieces
  8066 | D:7      | Bought a scroll of noise for 13 gold pieces
  8419 | D:7      | Reached XP level 10. HP: 59/78 MP: 14/16
  8580 | D:8      | Reached skill level 12 in Unarmed Combat
  8618 | D:8      | Found a glowing golden altar of the Shining One.
  8706 | D:8      | Found a basalt altar of Yredelemnul.
  8759 | D:8      | Reached skill level 5 in Fighting
  9076 | D:8      | Found Pamuiluwk's Food Shop.
  9538 | D:9      | Reached ***** piety under Okawaru
  9579 | D:9      | Found a shattered altar of Ashenzari.
  9848 | D:9      | Found a staircase to the Lair.
  9886 | D:9      | Received a gift from Okawaru
  9887 | D:9      | Got a pitted greatsling {god gift}
 10059 | D:9      | Noticed aegget's ghost (novice MiFi)
 10367 | D:9      | Killed aegget's ghost
 10605 | D:9      | Found a glowing golden altar of the Shining One.
 10605 | D:9      | Found a shadowy altar of Dithmenos.
 10864 | D:10     | Entered Level 10 of the Dungeon
 10909 | D:10     | Reached XP level 11. HP: 70/89 MP: 17/17
 11086 | D:10     | Noticed a hill giant
 11097 | D:10     | Killed a hill giant
 11333 | D:10     | Killed an unseen horror
 11333 | D:10     | Received a gift from Okawaru
 11627 | D:10     | Reached skill level 10 in Dodging
 11657 | D:10     | Noticed a hill giant
 11682 | D:10     | Killed a hill giant
 11682 | D:10     | Received a gift from Okawaru
 11741 | D:10     | Noticed Harold
 11779 | D:10     | Killed Harold
 12275 | D:11     | Noticed a hill giant
 12277 | D:11     | Noticed a hill giant
 12297 | D:10     | Killed a hill giant
 12660 | D:10     | Killed a hill giant
 12660 | D:10     | Reached skill level 5 in Spellcasting
 12957 | D:11     | Noticed Fannar
 13067 | D:11     | Noticed Snorg
 13082 | D:11     | Killed Snorg
 13082 | D:11     | Reached ****** piety under Okawaru
 13082 | D:11     | Reached skill level 5 in Transmutations
 13137 | D:10     | Demolished by a komodo dragon

Vault maps used:
D:1:      ldierk_walled_garden_2
D:2:      lemuel_coloured_pillars_altar, grunt_gozag_statues
D:3:      okawaru_trees_2, first_bread
D:4:      cheibriados_altar_wand_db, uniq_crazy_yiuf_cottage, uniq_grinder
D:5:      xom_butterflies, kiku_gazebo_garden_becter, temple_statues
D:6:      vehumet_altar_wand_db, lemuel_doored_altar, uniq_sigmund, uniq_duvessa
D:7:      kennysheep_mini_moat, serial_shops, shop_coins, minmay_crystal_water,
          uniq_prince_ribbit1
D:8:      yredelemnul_altar_generic, serial_shops, nicolae_shop_waterfront,
          nicolae_tso_besieged_by_evil
D:9:      nicolae_overflow_crystal_walls, gammafunk_temple_overflow_pools,
          erik_lair_orcish_takeover, grunt_ogre_cave
D:10:     uniq_harold
D:11:     uniq_snorg, uniq_fannar
Temple:   circular_temple_6

Action                   |  1- 3 |  4- 6 |  7- 9 | 10-12 || total
-------------------------+-------+-------+-------+-------++-------
Melee: Unarmed           |   114 |   144 |   400 |   451 ||  1109
Throw: Javelin           |       |       |     1 |       ||     1
 Cast: Beastly Appendage |     7 |    12 |    24 |    32 ||    75
       Sticks to Snakes  |       |     3 |       |       ||     3
       Infusion          |       |     1 |       |       ||     1
Invok: Heroism           |       |       |     1 |     1 ||     2
 Abil: Breathe Fire      |       |       |    10 |    22 ||    32
Evoke: Wand              |       |       |     2 |       ||     2
  Use: Scroll            |       |     8 |    13 |     1 ||    22
       Potion            |       |       |     2 |       ||     2
 Stab: Sleeping          |     1 |     6 |     1 |     1 ||     9
  Eat: Chunk             |     1 |     3 |    11 |     6 ||    21
       Meat ration       |       |     1 |       |       ||     1
       Fruit             |       |       |     3 |       ||     3
       Beef jerky        |       |       |     1 |     8 ||     9
       Bread ration      |       |       |     1 |       ||     1
       Royal jelly       |       |       |       |     1 ||     1
